[Event "Germany Countries-chT Youth 2022"]
[Site "Wiesbaden"]
[Date "2022.10.02"]
[Round "3"]
[White "Mukazhanov, Mansur"]
[Black "Neuhoff, Laertes"]
[Result "1/2-1/2"]
[ECO "C44"]
[WhiteElo "1319"]
[BlackElo "1885"]
[Annotator "NA COMBH"]
[PlyCount "84"]
[EventDate "2022.09.28"]
[EventType "team-tourn"]
[EventRounds "7"]
[EventCountry "GER"]
[SourceTitle "playchess.com"]
[Source "ChessBase"]
[SourceQuality "1"]
[TimeControl "40/5400+30:1800+30"]

1. e4 e5 2. Nf3 Nc6 3. d4 exd4 4. Nxd4 Nf6 5. Nc3 Bb4 6. Nxc6 bxc6 7. Bd3 d5 8. exd5 cxd5 {[%emt 0:00:04] 8...0-0 is the hot move.} 9. Bd2 O-O 10. O-O Be6 11. Ne2 Bd6 {[%emt 0:00:59] [#]} 12. Bf4 $146 ({Predecessor:} 12. Bg5 Bxh2+ 13. Kh1 Bd6 14. Nd4 Bd7 15. Nf5 Bxf5 16. Bxf5 Be5 17. c3 Bd6 18. Bxf6 Qxf6 19. Qxd5 {½-½ (27) Zuther,T-Heinz,A (1800) Oberhof 1999}) 12... c5 13. c3 Re8 14. Qd2 Qc7 15. Rad1 Rad8 16. Rfe1 a5 17. Bxd6 Qxd6 18. Bb1 Qb6 19. Nf4 d4 20. Nxe6 Rxe6 21. Rxe6 Qxe6 22. h3 Qb6 23. b3 Nd5 24. cxd4 $11 Nf6 25. d5 Rxd5 26. Qc2 Rxd1+ 27. Qxd1 g6 28. Bd3 Qd6 29. Qe2 Qf4 30. Bc4 Qc1+ 31. Kh2 Qf4+ 32. g3 Qd4 33. Kg2 Ne4 34. Qf3 Nd6 35. Qd5 Qxd5+ 36. Bxd5 Kg7 37. f4 f5 38. Kf3 Nc8 39. g4 Nb6 40. Bc4 Nxc4 41. bxc4 Kf6 42. g5+ Ke6 1/2-1/2

[Event "Germany Countries-chT Youth 2022"]
[Site "Wiesbaden"]
[Date "2022.10.02"]
[Round "3"]
[White "Petrovsky, Vadim"]
[Black "Holinka, Henning"]
[Result "1-0"]
[ECO "B92"]
[WhiteElo "1287"]
[BlackElo "2245"]
[Annotator "TA"]
[PlyCount "87"]
[EventDate "2022.09.28"]
[EventType "team-tourn"]
[EventRounds "7"]
[EventCountry "GER"]
[SourceTitle "playchess.com"]
[Source "ChessBase"]
[SourceQuality "1"]
[TimeControl "40/5400+30:1800+30"]

1. e4 c5 2. Nf3 d6 3. d4 cxd4 4. Nxd4 Nf6 5. Nc3 a6 6. Be2 e5 7. Nb3 Be7 8. O-O O-O 9. Re1 Be6 {[%emt 0:01:18] B92: Sicilian Najdorf: 6 Be2.} 10. Bf3 Qc7 11. a4 Rc8 {[%emt 0:03:10] The position is equal. The main line 11...Rc8 scores better than 11...Nbd7.} 12. a5 Nbd7 13. Nd2 Bd8 14. Nf1 {[%emt 0:05:01] [#]} Rab8 $146 ({Predecessor:} 14... Qc5 15. Be3 Qb4 16. Qc1 b5 17. Bd2 Qc5 18. Ne3 b4 19. Ncd5 Bxd5 20. exd5 Bxa5 {0-1 (48) Ng,A (2200)-Steingrimsson,H (2544) Lubbock 2013}) 15. Bd2 b5 16. axb6 Rxb6 17. b3 Rc6 18. Nd5 ({But not} 18. Re3 Qb7 $11) 18... Bxd5 19. exd5 Rxc2 20. Ne3 Rc5 {[%emt 0:02:07] Against Ba5} 21. b4 {[%emt 0:00:30] Inhibits a5.} Rb5 22. Be2 Rb6 23. Bxa6 Ra8 24. Bf1 {[%emt 0:02:58] A strong pair of Bishops.} Rbb8 (24... Rxa1 $11 25. Qxa1 Ne4) 25. Rc1 $1 $14 Qb7 26. Nf5 g6 (26... Qxd5 $2 27. Bc4 Qb7 28. Nxd6 $18) 27. Nxd6 {[%emt 0:15:01][%cal Bf5d6,Bd6c4,Bc4e3,Be3g4][%mdl 32] White is much more active.} Qxd5 28. Nc4 Be7 29. b5 Bc5 ({Resist} 29... Rxb5 30. Ne3 Qb7 31. Bxb5 Qxb5 32. Qf3 $16) 30. Ne3 Qb7 31. Qb3 Bd4 {[%emt 0:00:17] [#]} (31... Ne4 $11 {keeps the balance.} 32. Bb4 Bd4) 32. Bb4 (32. Bc3 $1 $16) 32... Ne4 33. Ng4 {[%emt 0:04:01][%cal Oe1e4] aiming for Rxe4!} Ndc5 (33... Kg7 $1 $11) 34. Qf3 {[%emt 0:02:41] Threatens to win with Bc4.} Ra2 $2 {[%emt 0:01:05] Loses the game.} (34... f5 $14 35. Bxc5 Nxc5 36. Nxe5 Ne4 37. Rxe4 fxe4) 35. Bxc5 $18 {[%emt 0:01:37] Dancing on a razor blade.} Nxc5 {[%emt 0:00:14] [#]} 36. Qf6 h5 $2 (36... Ne6 37. Red1 h5) 37. Bc4 {[%emt 0:00:12] White is clearly winning.} hxg4 38. Bxa2 Bxf2+ 39. Kxf2 Nd3+ 40. Kg3 {[%emt 0:00:35] White wants to mate with Qxg6+.} Nf4 {[%emt 0:00:54] [#]} 41. Qxf7+ $1 Qxf7 42. Bxf7+ Kxf7 43. Rxe5 g5 44. Rc6 {[%emt 0:00:00] Weighted Error Value: White=0.13 (very precise) /Black=0.43} 1-0

[Event "Germany Countries-chT Youth 2022"]
[Site "Wiesbaden"]
[Date "2022.10.02"]
[Round "3"]
[White "Chandrasekher, Ritu"]
[Black "Rafikova, Ailin"]
[Result "1-0"]
[ECO "B92"]
[WhiteElo "1262"]
[BlackElo "1287"]
[Annotator "NA RC COMBH"]
[PlyCount "65"]
[EventDate "2022.09.28"]
[EventType "team-tourn"]
[EventRounds "7"]
[EventCountry "GER"]
[SourceTitle "playchess.com"]
[Source "ChessBase"]
[SourceQuality "1"]
[TimeControl "40/5400+30:1800+30"]

1. e4 c5 2. Nf3 d6 3. d4 cxd4 4. Nxd4 Nf6 5. Nc3 a6 6. Be2 e5 7. Nb3 Be7 8. O-O O-O 9. Be3 Be6 10. Qd2 Nbd7 11. Rad1 Rc8 12. f4 b5 13. a3 Bc4 14. Bxc4 bxc4 15. Nc1 Nc5 16. Bxc5 Rxc5 17. N1e2 Qc7 18. Ng3 g6 19. f5 Rb8 20. Rb1 Qa7 21. Kh1 Nd7 22. fxg6 fxg6 23. Nd5 Bf8 24. Qg5 Kh8 25. Rf7 Rcb5 26. Nf6 Bg7 27. Rxd7 Rxb2 28. Rf1 Qd4 29. Nfh5 Rb1 30. Rd8+ Bf8 31. Qf6+ Kg8 32. Rxf8+ Rxf8 33. Qxf8# 1-0

[Event "Germany Countries-chT Youth 2022"]
[Site "Wiesbaden"]
[Date "2022.10.02"]
[Round "3"]
[White "Vasylenko, Nadeja"]
[Black "Richter, Johanna"]
[Result "1/2-1/2"]
[ECO "B21"]
[WhiteElo "1261"]
[BlackElo "1355"]
[Annotator "NA RC COMBH"]
[PlyCount "148"]
[EventDate "2022.09.28"]
[EventType "team-tourn"]
[EventRounds "7"]
[EventCountry "GER"]
[SourceTitle "playchess.com"]
[Source "ChessBase"]
[SourceQuality "1"]
[TimeControl "40/5400+30:1800+30"]

1. e4 c5 2. d4 cxd4 3. c3 Nf6 4. e5 Nd5 5. Nf3 Nc6 6. cxd4 d6 7. Bc4 Nb6 8. Bb3 dxe5 9. dxe5 Qxd1+ 10. Bxd1 Nc4 11. Ba4 Bd7 12. Bxc6 Bxc6 13. e6 Bxf3 14. exf7+ Kxf7 15. gxf3 g6 16. Nd2 Nxd2 17. Bxd2 Bg7 18. Rb1 Rac8 19. O-O Rc2 20. Bc1 Rhc8 21. a3 a5 22. Re1 Bd4 23. Be3 Bxb2 24. Bb6 a4 25. Re4 Rc1+ 26. Rxc1 Rxc1+ 27. Kg2 Bxa3 28. Rxa4 Bc5 29. Rf4+ Kg7 30. Bxc5 Rxc5 31. Rb4 b5 32. f4 Kf6 33. Kf3 Kf5 34. Rb3 e5 35. fxe5 Rxe5 36. Rb4 g5 37. h3 h6 38. h4 h5 39. hxg5 Kxg5 40. Kg3 Rc5 41. f3 Kf6 42. Rb3 Ke6 43. Kh4 Kd5 44. f4 Kc4 45. Rb1 Rf5 46. Kg3 Kc3 47. Rc1+ Kd2 48. Rc6 Ke2 49. Rc2+ Kd3 50. Rc6 Ke4 51. Rb6 h4+ 52. Kh3 Kxf4 53. Kxh4 Ke4 54. Kg4 Re5 55. Kg3 Kd4 56. Kf4 Rd5 57. Kf3 Kc4 58. Ke4 b4 59. Rc6+ Rc5 60. Rxc5+ Kxc5 61. Kd3 Kb5 62. Kc2 Ka4 63. Kb2 b3 64. Kb1 Kb5 65. Kb2 Kc4 66. Kb1 Kb4 67. Kb2 Kc4 68. Kb1 Kc3 69. Kc1 Kc4 70. Kb1 Kc5 71. Kb2 Kb4 72. Kb1 Ka3 73. Ka1 b2+ 74. Kb1 Kb3 1/2-1/2

[Event "Germany Countries-chT Youth 2022"]
[Site "Wiesbaden"]
[Date "2022.10.02"]
[Round "3"]
[White "Schwarzfischer, Julia"]
[Black "Kutz, Ida Klara"]
[Result "1/2-1/2"]
[ECO "B00"]
[WhiteElo "1256"]
[BlackElo "1411"]
[Annotator "NA RC COMBH"]
[PlyCount "78"]
[EventDate "2022.09.28"]
[EventType "team-tourn"]
[EventRounds "7"]
[EventCountry "GER"]
[SourceTitle "playchess.com"]
[Source "ChessBase"]
[SourceQuality "1"]
[TimeControl "40/5400+30:1800+30"]

1. e4 d6 2. g3 Nf6 3. Bg2 g6 4. d3 Bg7 5. Nf3 O-O 6. O-O b6 7. e5 Ne8 8. Re1 Bb7 9. Bf4 dxe5 10. Nxe5 Bxg2 11. Kxg2 Qd5+ 12. Kg1 Nc6 13. Nc3 Qe6 14. d4 Nxe5 15. Bxe5 Bxe5 16. Rxe5 Qd7 17. Nd5 e6 18. Nf4 Ng7 19. d5 Qd6 20. Re3 exd5 21. Qxd5 Qxd5 22. Nxd5 c5 23. Nf6+ Kh8 24. Re7 Nf5 25. Rc7 Kg7 26. Ng4 Rfc8 27. Rd7 Re8 28. a4 Re4 29. f3 Rd4 30. Rc7 Rd2 31. a5 bxa5 32. Rxc5 Nd4 33. f4 Rxc2 34. Rxc2 Nxc2 35. Rxa5 Nd4 36. Kf2 Rb8 37. Rxa7 Rxb2+ 38. Ke3 Nf5+ 39. Kf3 Nd6 1/2-1/2

[Event "Germany Countries-chT Youth 2022"]
[Site "Wiesbaden"]
[Date "2022.10.02"]
[Round "3"]
[White "Koepnick, Amanda"]
[Black "Skembris, Simon Max"]
[Result "0-1"]
[ECO "B24"]
[WhiteElo "1244"]
[BlackElo "1540"]
[Annotator "NA COMBH"]
[PlyCount "66"]
[EventDate "2022.09.28"]
[EventType "team-tourn"]
[EventRounds "7"]
[EventCountry "GER"]
[SourceTitle "playchess.com"]
[Source "ChessBase"]
[SourceQuality "1"]
[TimeControl "40/5400+30:1800+30"]

1. e4 c5 2. Nc3 Nc6 3. g3 g6 4. Bg2 Bg7 5. f4 d6 6. Nf3 Nf6 7. O-O O-O 8. d3 a6 9. h3 b5 10. Be3 Qc7 11. g4 Bb7 12. f5 b4 13. Ne2 Rad8 14. c4 bxc3 15. bxc3 c4 16. Rb1 cxd3 17. Qxd3 Rd7 18. Qc4 d5 19. exd5 Nxd5 20. Bf2 Rfd8 21. Ng5 Bf6 22. Bb6 Qe5 23. Nxf7 Kxf7 24. Bxd8 Qe3+ 25. Kh1 Ne5 26. fxg6+ hxg6 27. Qe4 Qg5 28. Rxb7 Rxd8 29. Rd1 Rh8 30. Qxd5+ Kg7 31. Ng1 Qf4 32. Qe4 Qg3 33. Rd3 Nxd3 0-1

[Event "Germany Countries-chT Youth 2022"]
[Site "Wiesbaden"]
[Date "2022.10.02"]
[Round "3"]
[White "Alhassan, Jodi"]
[Black "Czaeczine, Paula"]
[Result "0-1"]
[ECO "C55"]
[WhiteElo "1227"]
[BlackElo "1322"]
[Annotator "NA RC COMBH"]
[PlyCount "96"]
[EventDate "2022.09.28"]
[EventType "team-tourn"]
[EventRounds "7"]
[EventCountry "GER"]
[SourceTitle "playchess.com"]
[Source "ChessBase"]
[SourceQuality "1"]
[TimeControl "40/5400+30:1800+30"]

1. e4 e5 2. Nf3 Nc6 3. Bc4 Nf6 4. d3 d5 5. exd5 Nxd5 6. O-O Bc5 7. Bxd5 Qxd5 8. Nc3 Qe6 9. Re1 O-O 10. Bf4 f6 11. Qd2 Qf7 12. Bg3 Bg4 13. Ne4 Bb6 14. Qd1 Nd4 15. Ned2 Qd5 16. Re4 h5 17. h3 Bf5 18. Re1 Bg6 19. Nh4 Bf7 20. Nc4 Bc5 21. Ne3 Qc6 22. Nhf5 Qe6 23. Nxd4 Bxd4 24. c3 Bb6 25. Nc4 Qc6 26. Nxb6 axb6 27. a3 Bd5 28. f3 b5 29. Qd2 Rad8 30. Qc2 Rd7 31. Rad1 Qe6 32. Qb1 Rfd8 33. d4 Qb6 34. Bf2 Bb3 35. dxe5 Rxd1 36. Rxd1 Rxd1+ 37. Qxd1 Qxf2+ 38. Kxf2 Bxd1 39. exf6 gxf6 40. Ke3 Kf7 41. g3 Ke6 42. f4 c6 43. b4 Kd5 44. Kd3 f5 45. h4 Bf3 46. Ke3 Be4 47. Ke2 Kc4 48. Kd2 Kb3 0-1

[Event "Germany Countries-chT Youth 2022"]
[Site "Wiesbaden"]
[Date "2022.10.02"]
[Round "3"]
[White "Färber, Anna"]
[Black "Roessling, Laura Marie"]
[Result "1-0"]
[ECO "C55"]
[WhiteElo "1165"]
[BlackElo "1418"]
[Annotator "NA RC COMBH"]
[PlyCount "111"]
[EventDate "2022.09.28"]
[EventType "team-tourn"]
[EventRounds "7"]
[EventCountry "GER"]
[SourceTitle "playchess.com"]
[Source "ChessBase"]
[SourceQuality "1"]
[TimeControl "40/5400+30:1800+30"]

1. e4 e5 2. Nf3 Nc6 3. Bc4 Bc5 4. O-O Nf6 5. d4 exd4 6. e5 d5 7. exf6 dxc4 8. fxg7 Rg8 9. Re1+ Be6 10. Bh6 Be7 11. Qe2 Qd5 12. Ne5 O-O-O 13. Nxc6 Qxc6 14. Qe5 Bd6 15. Qe4 Bd5 16. Qg4+ Be6 17. Qe4 Qxe4 18. Rxe4 Bf5 19. Re2 d3 20. cxd3 Bxd3 21. Re1 Rde8 22. Nc3 c6 23. a3 Re6 24. Rxe6 fxe6 25. Re1 Kd7 26. Ne4 Bxe4 27. Rxe4 b5 28. Re3 Ke7 29. Rf3 Ke8 30. Kf1 Be5 31. Rf8+ Ke7 32. Rxg8 Bxb2 33. Re8+ Kxe8 34. g8=Q+ Kd7 35. Qf7+ Kd6 36. Qxa7 Be5 37. Bf8+ Kd5 38. Qd7+ Ke4 39. Qxe6 Kd4 40. Qd7+ Ke4 41. Qxc6+ Kf5 42. Bb4 Bf4 43. Qxb5+ Ke4 44. Qxc4+ Kf5 45. g4+ Kxg4 46. Bd6 Kf5 47. Bxf4 Kf6 48. a4 h5 49. a5 h4 50. a6 h3 51. Qd5 Ke7 52. a7 Kf6 53. a8=Q Kg6 54. Qa6+ Kg7 55. Qdb7+ Kf8 56. Qaa8# 1-0

[Event "Germany Countries-chT Youth 2022"]
[Site "Wiesbaden"]
[Date "2022.10.02"]
[Round "3"]
[White "Abram, Kristina-Maria"]
[Black "Neininger, Sarah"]
[Result "1-0"]
[ECO "A01"]
[WhiteElo "1158"]
[BlackElo "1589"]
[Annotator "NA COMBH"]
[PlyCount "73"]
[EventDate "2022.09.28"]
[EventType "team-tourn"]
[EventRounds "7"]
[EventCountry "GER"]
[SourceTitle "playchess.com"]
[Source "ChessBase"]
[SourceQuality "1"]
[TimeControl "40/5400+30:1800+30"]

1. b3 d5 2. Bb2 Nc6 3. e3 e6 4. Bb5 Bd7 5. Nf3 Nf6 6. d4 a6 7. Bd3 Bd6 8. c4 O-O 9. c5 Be7 10. a3 Ne4 11. Nbd2 Nxd2 12. Qxd2 e5 13. dxe5 Bxc5 14. Qc2 Qe7 15. Bxh7+ Kh8 16. h4 Bb6 17. Rh2 Bg4 18. Rd1 Rad8 19. Kf1 Bxf3 20. gxf3 Nxe5 21. Qf5 g6 22. Bxg6 fxg6 23. Bxe5+ Kh7 24. Qg5 Qxg5 25. hxg5+ Kg8 26. Rh8+ Kf7 27. Rh7+ Ke6 28. Bxc7 Bxc7 29. Rxc7 b5 30. Rc6+ Kf5 31. Rxa6 Kxg5 32. Ra5 Rxf3 33. Rxb5 Rf5 34. e4 Re5 35. Rbxd5 Rde8 36. Rxe5+ Rxe5 37. Rd5 1-0

[Event "Germany Countries-chT Youth 2022"]
[Site "Wiesbaden"]
[Date "2022.10.02"]
[Round "4"]
[White "Lutsko, Artem"]
[Black "Krastev, Alexander"]
[Result "0-1"]
[ECO "A77"]
[WhiteElo "2431"]
[BlackElo "2431"]
[Annotator "TA"]
[PlyCount "120"]
[EventDate "2022.09.28"]
[EventType "team-tourn"]
[EventRounds "7"]
[EventCountry "GER"]
[SourceTitle "playchess.com"]
[Source "ChessBase"]
[SourceQuality "1"]
[TimeControl "40/5400+30:1800+30"]

1. d4 Nf6 2. c4 e6 3. Nf3 c5 4. d5 d6 5. Nc3 exd5 6. cxd5 g6 7. Nd2 Bg7 8. e4 O-O 9. Be2 Re8 10. O-O Nbd7 11. Re1 a6 12. a4 Ne5 13. Nf1 {[%emt 0:00:46] A77: Modern Benoni: Classical: 9...Re8 10 Nd2: 10...a6 and 10...Nbd7.} Bg4 {[%emt 0:10:35] [#]} (13... Nfg4 $11) 14. Bxg4 $146 ({White should try} 14. f3 $1 $14 Bd7 15. Ne3) ({Predecessor:} 14. f3 Bc8 15. a5 b5 16. axb6 Qxb6 17. Ne3 Nh5 18. Nc4 Nxc4 19. Bxc4 Be5 20. Ne2 Bxb2 {0-1 (59) Moskalenko,A (2515)-Boyer,M (2317) Chess.com INT 2020}) 14... Nexg4 $11 ({Don't do} 14... Nfxg4 15. f4 $16) 15. a5 {[%emt 0:17:40] The position is equal.} Ne5 16. Ne3 c4 $1 17. Re2 Rc8 18. Ra4 Nfd7 19. f4 Nd3 20. Rxc4 Nxc1 {[%emt 0:00:52] Black has more active pieces.} ({Worse is} 20... Nxf4 21. Rf2 Rxc4 22. Nxc4 $17) 21. Qxc1 Qxa5 22. Ncd1 Rxc4 23. Qxc4 Qc5 24. Kf1 b5 25. Qd3 Qc1 26. Qc2 Qxc2 27. Nxc2 Nc5 28. Nb4 a5 ({Of course not} 28... Nxe4 $6 29. Nxa6 Kf8 30. Nc7 $11) (28... Rxe4 $6 29. Rxe4 Nxe4 30. Nxa6 $11) 29. Nc6 Nxe4 {[%emt 0:00:11] Strongly threatening ...a4.} 30. Nxa5 f5 31. Nf2 Nf6 32. Rd2 Ra8 33. Nc6 Ra1+ 34. Ke2 Nd7 35. Rc2 Nb6 36. Ne7+ (36. Nb4 $15) 36... Kf8 $1 $17 37. Nc8 Nxd5 38. Nxd6 Nxf4+ 39. Kf3 Ne6 {[%emt 0:00:33] And now ...Nd4+ would win.} 40. Nxb5 Ra8 {[%emt 0:01:16] aiming for ...Rb8.} 41. Rd2 (41. Nd3 $15) 41... Rb8 $1 42. Nc3 Bh6 $1 43. Rd6 Ng5+ 44. Ke2 Rxb2+ 45. Ke1 Nf7 46. Rd5 Bg7 47. Ncd1 Ra2 48. Rb5 Be5 49. g3 Bd4 50. Rd5 {[%emt 0:00:00] [#]} Ne5 $1 {[%emt 0:01:00] White must now prevent ...Nf3+.} 51. Kf1 Rd2 52. h4 h6 53. Ke1 {[%emt 0:00:00] [#]} (53. h5 $17) 53... Nf3+ $1 $19 54. Kf1 Kf7 55. Rd6 (55. Rb5 {was called for.}) 55... g5 56. Rxh6 $2 (56. hxg5 hxg5 57. g4) 56... Bxf2 {[%emt 0:03:02] Black is clearly winning.} 57. Nxf2 {[%emt 0:00:00] [#]} Nh2+ $1 58. Ke1 {[%emt 0:00:00] [#]} Rxf2 $1 59. hxg5 (59. Rh7+ Kg6) 59... Ng4 60. Rb6 Rf3 {[%emt 0:00:52] Weighted Error Value: White=0.47/Black=0.10 (very precise)} 0-1

[Event "Germany Countries-chT Youth 2022"]
[Site "Wiesbaden"]
[Date "2022.10.02"]
[Round "4"]
[White "Schmider, Niklas"]
[Black "Stelmaszyk, Nico"]
[Result "1/2-1/2"]
[ECO "E06"]
[WhiteElo "2407"]
[BlackElo "2355"]
[Annotator "TA"]
[PlyCount "52"]
[EventDate "2022.09.28"]
[EventType "team-tourn"]
[EventRounds "7"]
[EventCountry "GER"]
[SourceTitle "playchess.com"]
[Source "ChessBase"]
[SourceQuality "1"]
[TimeControl "40/5400+30:1800+30"]

1. Nf3 Nf6 2. c4 e6 3. g3 d5 4. d4 Be7 5. Bg2 O-O 6. Nc3 dxc4 7. Ne5 c5 8. dxc5 Qxd1+ 9. Nxd1 {[%emt 0:00:11] E06: Closed Catalan: Early deviations.} Bxc5 10. Ne3 c3 11. bxc3 {[%emt 0:00:56] The position is equal.} Nbd7 12. Nd3 Be7 13. a4 Rb8 {[%emt 0:06:24] [#]} 14. Nc4 $146 ({Predecessor:} 14. a5 Nc5 15. Nxc5 Bxc5 16. Ba3 Bxa3 17. Rxa3 Bd7 18. O-O Rfc8 19. Rb1 Bc6 20. Rab3 Bxg2 21. Kxg2 {½-½ (38) Dubov,D (2699)-Nakamura,H (2736) chess24.com INT 2020}) 14... Nd5 15. Bd2 b6 16. Nce5 Nxe5 17. Nxe5 Bb7 {[%emt 0:02:18] Against Nc6} (17... Bf6 $5 18. Nc6 Rb7 $11) 18. Nd7 Nf6 19. Bxb7 Nxd7 20. Bg2 Rbc8 21. a5 Bf6 22. axb6 axb6 23. O-O Bxc3 24. Bxc3 Rxc3 25. Ra7 Nc5 26. Rb1 Rb3 {[%emt 0:00:54] Weighted Error Value: White=0.10 (very precise) /Black=0.05 (flawless)} (26... g6 $15) 1/2-1/2

[Event "Germany Countries-chT Youth 2022"]
[Site "Wiesbaden"]
[Date "2022.10.02"]
[Round "4"]
[White "Weishaeutel, Moritz"]
[Black "Post, Hugo"]
[Result "1-0"]
[ECO "A45"]
[WhiteElo "2401"]
[BlackElo "2176"]
[Annotator "TA"]
[PlyCount "77"]
[EventDate "2022.09.28"]
[EventType "team-tourn"]
[EventRounds "7"]
[EventCountry "GER"]
[SourceTitle "playchess.com"]
[Source "ChessBase"]
[SourceQuality "1"]
[TimeControl "40/5400+30:1800+30"]

1. d4 Nf6 2. Nc3 d5 3. Bf4 Bf5 4. f3 Nc6 5. e3 e6 6. g4 {[%emt 0:00:35] D00: 1 d4 d5: Unusual lines.} Bg6 7. h4 {[%emt 0:00:26] Hoping for h5.} h5 8. g5 {[%emt 0:00:07] [#] The position is equal.} Ng8 $146 ({Predecessor:} 8... Nd7 9. Bd3 Bxd3 10. Qxd3 Bb4 11. O-O-O Ba5 12. e4 Nb6 13. g6 f6 14. Kb1 Qd7 15. exd5 Nxd5 16. Nxd5 Qxd5 {1-0 (37) Michelle,C (2176)-Al Shamsi,O (1452) Tornelo INT 2021}) 9. Qd2 Bd6 10. Nge2 Nge7 11. O-O-O Na5 12. Bxd6 Nc4 13. Qe1 $1 (13. Bxe7 Qxe7 14. Nxd5 exd5 $15) 13... cxd6 14. Nf4 Rc8 15. e4 (15. Nxg6 Nxg6 16. b3 Na5 $11) ({White should try} 15. b3 $1 $16) 15... dxe4 $14 16. fxe4 Qa5 17. Bxc4 Rxc4 18. Qe2 b5 19. Rhf1 (19. Kb1 $14) 19... O-O $1 $11 20. Kb1 Rfc8 {[%emt 0:01:08] ...b4 is the strong threat.} 21. Nxg6 Nxg6 (21... fxg6 $11 {keeps the balance.} 22. Rd2 b4) 22. Qxh5 $40 {[%emt 0:01:19][%cal Of1f7][%mdl 128] aiming for Rxf7! White attacks with force.} ({Don't play} 22. Qf3 $6 R8c7 $11) 22... b4 $2 {[%emt 0:20:53][%mdl 8192] [#] Loses the game.} (22... Rxc3 $16 23. bxc3 Rxc3) 23. Rxf7 $3 $18 {[%emt 0:00:34][%mdl 512] White is clearly winning.} Nf4 (23... Kxf7 24. Rf1+) 24. Rxf4 {[%emt 0:01:21][%cal Oc3d5] Threatening mate with Nd5!} bxc3 {[%emt 0:00:28] [#]} 25. Qf7+ $1 ({Weaker is} 25. b3 Qa3 26. Qf7+ Kh8 27. Qh5+ Kg8 28. Qf7+ Kh8 29. Qh5+ Kg8 $11) 25... Kh8 26. g6 {[%emt 0:01:20][%cal Of7f8] Intending Qf8+! and mate.} Rg8 {[%emt 0:02:48] Against Qf8} 27. Rdf1 {[%emt 0:01:27][%cal Of7g8] White wants to mate with Qxg8+!} Rcc8 {[%emt 0:02:30] [#]} 28. Rf5 $3 exf5 (28... Qxf5 29. exf5) 29. Rxf5 Qxf5 30. Qxf5 {[%emt 0:00:06][%cal Rf5h5][%mdl 4096] Endgame KQ-KRR} Rge8 31. Qh5+ Kg8 32. Qh7+ Kf8 33. Qh8+ Ke7 34. Qxg7+ Kd8 35. Qf6+ Kc7 36. bxc3 Rxe4 37. Qf7+ Kc6 38. g7 {[%emt 0:02:13] Qc4+ would kill now.} Rb8+ 39. Kc1 {[%emt 0:00:04] Weighted Error Value: White=0.07 (flawless) /Black=0.43} 1-0

[Event "Germany Countries-chT Youth 2022"]
[Site "Wiesbaden"]
[Date "2022.10.02"]
[Round "4"]
[White "Campora, Daniel H."]
[Black "Kocharin, Timur"]
[Result "1-0"]
[ECO "A46"]
[WhiteElo "2344"]
[BlackElo "1971"]
[Annotator "TA"]
[PlyCount "65"]
[EventDate "2022.09.28"]
[EventType "team-tourn"]
[EventRounds "7"]
[EventCountry "GER"]
[SourceTitle "playchess.com"]
[Source "ChessBase"]
[SourceQuality "1"]
[TimeControl "40/5400+30:1800+30"]

1. d4 Nf6 2. Nf3 e6 3. Bg5 b6 4. Nbd2 Bb7 5. e4 h6 6. Bxf6 Qxf6 7. Bd3 d6 8. c3 {[%emt 0:01:13] A47: 1 d4 Nf6 2 Nf3 b6: Torre, London and Colle Systems.} Nd7 9. O-O g6 10. Re1 {[%emt 0:21:46] [#] White is slightly better.} (10. a4 $5 ) 10... e5 $146 ({Predecessor:} 10... Bg7 11. Qa4 a6 12. Rad1 Qe7 13. e5 O-O 14. exd6 cxd6 15. Qc2 Nf6 16. Ne4 Nd5 {0-1 (38) Brockman,R (1764)-Amrutha,M (2155) Parramatta 2009}) 11. Qa4 {[%emt 0:07:34] Black should prevent Bb5.} a6 {[%emt 0:09:21] Inhibits Bb5.} 12. Rad1 Bg7 13. Nf1 b5 14. Qa5 Nb6 15. a4 bxa4 16. c4 O-O 17. c5 dxc5 18. dxc5 Nd7 19. Bc2 (19. Qxc7 Qc6 20. Qxc6 Bxc6 $15) ({Better is} 19. h4 $11) 19... Bc6 (19... Qc6 {seems wilder.} 20. Rd5 Qe6 21. Qxc7 Bxd5 22. exd5 Qxd5 23. Be4 Qxc5 24. Qxd7 Rab8) 20. Ne3 Qe7 21. Nd5 $1 $36 {[%emt 0:03:42][%mdl 2048] White has the initiative.} ({Of course not} 21. Qxc7 Rfc8 22. Qd6 Qf8 $15) 21... Qxc5 {[%emt 0:00:48][%mdl 8192] Loses the game.} (21... Bxd5 $14 22. Rxd5 Rfd8) 22. Qxc5 $18 {[%emt 0:00:08][%mdl 64] [#] Remove Defender} Nxc5 23. Ne7+ {[%emt 0:00:06] Pair of Knights!} Kh7 {[%emt 0:01:10] Hoping for ...Bb7.} 24. Nxc6 Rfe8 25. Rd5 Ne6 26. Bxa4 Nf4 27. Rd7 {[%emt 0:00:21] White is clearly winning.} Re6 28. g3 Nh5 29. Rxf7 a5 30. Rd1 Kg8 31. Rxc7 {[%emt 0:00:17] [#] aiming for Bb3.} Rf6 32. Nfxe5 Kh8 33. Rdd7 {Weighted Error Value: White=0.14 (very precise) /Black=0.46} 1-0

[Event "Germany Countries-chT Youth 2022"]
[Site "Wiesbaden"]
[Date "2022.10.02"]
[Round "4"]
[White "Boder, Jan"]
[Black "Petrovsky, Vadim"]
[Result "0-1"]
[ECO "A01"]
[WhiteElo "2341"]
[BlackElo "1287"]
[Annotator "TA"]
[PlyCount "68"]
[EventDate "2022.09.28"]
[EventType "team-tourn"]
[EventRounds "7"]
[EventCountry "GER"]
[SourceTitle "playchess.com"]
[Source "ChessBase"]
[SourceQuality "1"]
[TimeControl "40/5400+30:1800+30"]

1. b3 d5 2. Bb2 c5 3. e3 a6 4. Nf3 Nc6 5. c4 Nf6 (5... d4 $1 $11) 6. Be2 {[%emt 0:02:12] A06: Réti Opening: 1 Nf3 d5.} (6. cxd5 $14 Nxd5 7. Nc3) 6... d4 $1 $15 7. exd4 cxd4 {[%emt 0:00:16] [#] Strongly threatening ...d3.} 8. d3 {[%emt 0:00:21][%cal Ob3b4] Black is slightly better.} e5 9. O-O {[%emt 0:00:15] [#]} Be7 $146 ({Predecessor:} 9... Bd6 10. a3 a5 11. Nbd2 h6 12. Re1 O-O 13. Bf1 Re8 14. Qc2 Bc5 15. g3 Bf5 {1-0 (48) Colas,J (2207)-Turgut,T (2224) Saint Louis 2018}) 10. Na3 O-O 11. Nc2 Re8 12. a3 b5 13. Nd2 Bf5 14. Bf3 Rc8 15. cxb5 (15. Ne1 $142) 15... axb5 $17 16. Ne4 Nd5 17. b4 Bg6 18. Re1 Nb8 19. Ng3 Nf4 20. Be4 Nd7 {[%emt 0:01:21] Black has more active pieces. The white rooks are badly placed.} 21. Rc1 (21. Bxg6 $17 Nxg6 22. Rb1) 21... Nb6 $19 22. Qf3 (22. Bxg6 $142 Nxg6 23. Na1) 22... Na4 23. Ba1 Bg5 {[%emt 0:01:16] Hoping for ...Ne6.} 24. Red1 $2 {[%emt 0:15:51] [#]} (24. Bc6 {was worth a try.} Nxd3 25. Bxe8 Nxc1 26. Nxd4 Qxe8 27. Ndf5 Bxf5 28. Qxf5) 24... Ne6 25. Bc6 Bxc1 26. Bxb5 Rxc2 27. Bxa4 Rc8 28. Bxe8 Qxe8 29. Ne4 Qc6 30. Nc5 Qxf3 31. gxf3 Bxa3 {[%emt 0:00:22] White must now prevent ...Nf4.} 32. Na6 Nf4 33. b5 Bxd3 34. Rxd3 Rc1+ {[%emt 0:00:02] Weighted Error Value: White=0.86/Black=0.06 (flawless)} 0-1